 Dungeon Crawl Stone Soup version 0.27-a0-1245-g940ed4fa31 (webtiles) character file.

Game seed: 11732421042716467780

0 Mesmaeker13 the Caller (level 1, 0/13 HPs)
             Began as a Mummy Summoner on June 9, 2021.
             Slain by a hobgoblin (3 damage)
             ... on level 1 of the Dungeon.
             The game lasted 00:00:09 (37 turns).

Mesmaeker13 the Caller (Mummy Summoner)               Turns: 37, Time: 00:00:10

Health: 0/13       AC:  2    Str: 11    XL:     1   Next: 8%
Magic:  0/4        EV: 12    Int: 14    God:
Gold:   0          SH:  0    Dex: 12    Spells: 4/5 levels left

rFire    x . .     SeeInvis .   (no weapon)
rCold    + . .     Faith    .   (no shield)
rNeg     + + +     Spirit   .   a - +0 robe
rPois    ∞         Reflect  .   (no helmet)
rElec    .         Harm     .   (no cloak)
rCorr    .         Rampage  .   (no gloves)
Will     .....                  (no boots)
Stlth    ++........             (no amulet)
HPRegen  0.04/turn              (no ring)
MPRegen  0.09/turn              (no ring)

@: no status effects
A: cold resistance 1, negative energy resistance 3, torment resistance 2, heat
vulnerability 1, no potions
a: no special abilities


You were on level 1 of the Dungeon.
You visited 1 branch of the dungeon, and saw 1 of its levels.

Inventory:

Armour
 a - a +0 robe (worn)
Scrolls
 b - a scroll of identify {unknown}


   Skills:
 + Level 1.5 Dodging
 - Level 1.5 Stealth
 + Level 2.7 Spellcasting
 + Level 3.2 Summonings


You had 4 spell levels left.
You knew the following spells:

 Your Spells              Type           Power      Damage    Failure   Level
a - Summon Small Mammal   Summ           44%        N/A       6%          1

Your spell library contained the following spells:

 Spells                   Type           Power      Damage    Failure   Level
 Call Imp                 Summ           11%        N/A       9%          2
 Call Canine Familiar     Summ           11%        N/A       17%         3
 Summon Guardian Golem    Hex/Summ       6%         N/A       34%         3
 Summon Ice Beast         Ice/Summ       6%         N/A       75%         4
 Summon Lightning Spire   Summ/Air       6%         N/A       75%         4


Dungeon Overview and Level Annotations

Branches:
Dungeon (1/15)

Altars:


Innate Abilities, Weirdness & Mutations

You are immune to poison.
Your flesh is cold resistant. (rC+)
You are immune to negative energy. (rN+++)
You are immune to unholy pain and torment.
You are vulnerable to heat. (rF-)
You do not drink.


Message History

The giant cockroach dies!
The hobgoblin hits you.
You hit the hobgoblin but do no damage.
Your bat closely misses the quokka.
Your bat barely misses the quokka.
Your rat misses the quokka. The hobgoblin closely misses you.
Your bat closely misses the quokka.
You hit the hobgoblin but do no damage.
Your bat hits the quokka but does no damage.
Your rat barely misses the quokka.
The hobgoblin hits you.
Unknown command.
Your bat hits the quokka.
The quokka bites something.
You see here a +0 ring mail.
Your bat closely misses the quokka.
Your bat misses the quokka.
Casting: Summon Small Mammal (safe; 6% risk of failure)
Confirm with . or Enter, or press ? or * to list all spells.
The hobgoblin hits you but does no damage.
The giant cockroach barely misses you.
Your bat hits the hobgoblin but does no damage.
Your bat hits the hobgoblin.
The hobgoblin hits you but does no damage.
The giant cockroach closely misses you.
You swap places.
Your bat closely misses the giant cockroach.
Your bat misses the hobgoblin.
The giant cockroach completely misses your bat.
The hobgoblin hits your bat.
Your bat closely misses the hobgoblin.
Your bat hits the hobgoblin but does no damage.
Your bat hits the hobgoblin.
Your bat barely misses the giant cockroach.
Your bat hits the giant cockroach but does no damage.
The giant cockroach bites your bat. The quokka bites your bat.
Your bat dies!
Your bat's corpse disappears in a puff of smoke!
Your bat closely misses the giant cockroach.
Casting: Summon Small Mammal (safe; 6% risk of failure)
Confirm with . or Enter, or press ? or * to list all spells.
Your bat closely misses the giant cockroach.
The hobgoblin hits you.
* * * LOW HITPOINT WARNING * * *
The giant cockroach closely misses you. The hobgoblin hits you.
You die...

#......# #....r.#
#......# ##.#'##.....
# #..## ... #...## 8
##+## #..[.## ##...##
#.....#####.....#####
#...brg@.....<.......
##....Br.............
############+#######


You could see a quokka, a giant cockroach (ally target), a hobgoblin (ally
target), a friendly quokka (summoned) and a friendly bat (summoned).

Vanquished Creatures (collateral kills)
  A giant cockroach (D:1)
1 creature vanquished.

Notes
Turn   | Place    | Note
-------+----------+-------------------------------------------
     0 | D:1      | Mesmaeker13 the Mummy Summoner began the quest for the Orb.
     0 | D:1      | Reached XP level 1. HP: 13/13 MP: 4/4
    37 | D:1      | Slain by a hobgoblin

Illustrated notes

Levels and vault maps discovered:
D:1:      giann_horns, layout_basic, chequers_ecumenical_altar_simple

Action                   || total
-------------------------++-------
Melee: Unarmed           ||     4
 Cast: Summon Small Mamm ||     5
Armor: Robe              ||     4
Dodge: Dodged            ||    14

Table legend: (Time is in decaauts)
 A = Elapsed time spent in this place.
 B = Non-inter-level travel time spent in this place.
 C = Inter-level travel time spent in this place.
 D = Time resting spent in this place.
 E = Time spent auto-exploring this place.
 F = Levels seen in this place.
 G = Mean time per level.
                   A        B        C        D        E       F      G
               +--------+--------+--------+--------+--------+-----+--------+
         Total |     37 |     37 |      0 |      0 |     10 |   1 |   37.0 |
       Dungeon |     37 |     37 |      0 |      0 |     10 |   1 |   37.0 |
               +--------+--------+--------+--------+--------+-----+--------+

Top non-repeatable levels by time:
     D:1: 37 daAuts
